[Event "Titled Tuesday Blitz November 14 Late 2023"]
[White "Avalos Parra, Joao"]
[Black "Przybylski, Wojciech"]
[WhiteFideId "3402541"]
[BlackFideId "1117599"]
[WhiteElo "2357"]
[BlackElo "2498"]
[Result "1-0"]
[Round "10"]
[TimeControl "180+1"]
[Date "2023.11.14"]
[WhiteClock "0:00:25"]
[BlackClock "0:00:01"]
[Board "59"]

1. d4 Nf6 2. c4 e6 3. Nf3 d5 4. Nc3 Be7 5. Bf4 O-O 6. e3 Nbd7 7. Be2 b6 8. cxd5 exd5 9. O-O Bb7 10. Rc1 c6 11. h3 Rc8 12. Ne5 Re8 13. Bd3 Nf8 14. Bg5 Ne6 15. Bh4 g6 16. f4 Ng7 17. f5 Rf8 18. fxg6 fxg6 19. Qe2 Rc7 20. Rf2 Bc8 21. Rcf1 Bf5 22. Bg3 Rc8 23. Ba6 Nfh5 24. Bh2 Bh4 25. Rf3 Rc7 26. g4 Qg5 27. Kh1 Kh8 28. gxh5 Nxh5 29. Bd3 Rg7 30. Rg1 Qf6 31. Bxf5 gxf5 32. Rxg7 Nxg7 33. Rf1 Qe6 34. Bf4 Be7 35. Rg1 c5 36. Qg2 Bf6 37. Qxd5 Qe7 38. Qf3 Rg8 39. Nd5 Qf8 40. Nd7 Qf7 41. N7xf6 Rd8 42. Be5 Ne6 43. Ne8+ Ng7 44. Bxg7+ Kg8 45. Bf6+ Kf8 46. Bxd8 Qh5 47. Be7+ Kf7 48. Qxh5+ Ke6 49. Qh6+ Kd7 50. Qd6+ Kxe8 51. Bf6 Kf7 52. Qe7# 1-0


[Site "https://www.chess.com"]

[Event "Titled Tuesday Blitz November 14 Late 2023"]
[White "Wanyama, Harold"]
[Black "VitaliyChayka"]
[WhiteFideId "10000380"]
[WhiteElo "2445"]
[BlackElo "2352"]
[Result "1-0"]
[Round "10"]
[TimeControl "180+1"]
[Date "2023.11.14"]
[WhiteClock "0:00:15"]
[BlackClock "0:00:05"]
[Board "60"]

1. d4 d6 2. c4 e5 3. Nf3 e4 4. Nfd2 f5 5. Nc3 Nf6 6. e3 g6 7. Be2 Bg7 8. Rb1 O-O 9. b4 a5 10. a3 axb4 11. axb4 c5 12. bxc5 dxc5 13. d5 Nbd7 14. O-O Ne5 15. Bb2 Bd7 16. Nb5 Ne8 17. Nb3 Bxb5 18. cxb5 b6 19. Nd2 Nd6 20. Qc2 Qe7 21. Ra1 Qf6 22. Kh1 Qf7 23. Bc3 Qxd5 24. Rfd1 Nd3 25. Bxg7 Kxg7 26. Bxd3 exd3 27. Qc3+ Kg8 28. Rxa8 Rxa8 29. Qf6 Rf8 30. Qe7 c4 31. Qc7 Ne4 32. Kg1 Nxd2 33. Rxd2 Qxb5 34. h4 Qc5 35. Qd7 c3 36. Ra2 c2 37. Ra7 c1=Q+ 38. Kh2 Qc7+ 39. Rxc7 1-0


[Site "https://www.chess.com"]

[Event "Titled Tuesday Blitz November 14 Late 2023"]
[White "Silvestre, Christian"]
[Black "Estrada Nieto, Julian"]
[WhiteFideId "30956269"]
[BlackFideId "5101018"]
[WhiteElo "2270"]
[BlackElo "2439"]
[Result "1-0"]
[Round "10"]
[TimeControl "180+1"]
[Date "2023.11.14"]
[WhiteClock "0:01:12"]
[BlackClock "0:00:07"]
[Board "61"]

1. d4 d5 2. Nf3 Nf6 3. Bf4 c5 4. c3 Nbd7 5. e3 g6 6. Nbd2 Bg7 7. Bd3 O-O 8. h3 b6 9. O-O Bb7 10. Re1 Rc8 11. Qe2 e6 12. a4 c4 13. Bc2 Qe7 14. a5 b5 15. a6 Bc6 16. e4 dxe4 17. Nxe4 Nxe4 18. Bxe4 Bxe4 19. Qxe4 Nb6 20. Qb7 Rfe8 21. Bg5 Qd7 22. Ne5 Bxe5 23. Rxe5 Rc7 24. Qf3 Nd5 25. Rae1 Qd6 26. Rxd5 Qxa6 27. Qf6 h5 28. Bh6 1-0


[Site "https://www.chess.com"]

[Event "Titled Tuesday Blitz November 14 Late 2023"]
[White "Yelisieiev, Yevhenii"]
[Black "Bogaudinov, Rushan"]
[WhiteFideId "14139642"]
[BlackFideId "4129288"]
[WhiteElo "2572"]
[BlackElo "2400"]
[Result "0-1"]
[Round "10"]
[TimeControl "180+1"]
[Date "2023.11.14"]
[WhiteClock "0:00:07"]
[BlackClock "0:00:17"]
[Board "63"]

1. Nf3 e6 2. d4 d5 3. c4 Nf6 4. Nc3 Be7 5. Bg5 O-O 6. e3 Nbd7 7. Qc2 c6 8. cxd5 exd5 9. Bd3 h6 10. Bh4 Re8 11. O-O Ne4 12. Bxe7 Qxe7 13. Bxe4 dxe4 14. Nd2 Nf6 15. Rab1 h5 16. b4 h4 17. h3 Bf5 18. Rfc1 g5 19. Ne2 g4 20. Nf4 Nd5 21. Nxd5 cxd5 22. hxg4 Bxg4 23. Qc7 Rac8 24. Qf4 Qe6 25. Nf1 Qg6 26. g3 hxg3 27. Nxg3 Bf3 28. Rc5 b6 29. Rxd5 f6 30. Rf5 Re6 31. d5 Re7 32. Rxf6 Qh7 33. d6 Rg7 34. d7 Qh1# 0-1


[Site "https://www.chess.com"]

[Event "Titled Tuesday Blitz November 14 Late 2023"]
[White "Marchesich, Giovanni"]
[Black "aghasiyevkamal"]
[WhiteFideId "2824790"]
[WhiteElo "2398"]
[BlackElo "2558"]
[Result "1-0"]
[Round "10"]
[TimeControl "180+1"]
[Date "2023.11.14"]
[WhiteClock "0:01:19"]
[BlackClock "0:00:04"]
[Board "64"]

1. e4 e6 2. d3 d5 3. Nd2 Nc6 4. Ngf3 e5 5. Be2 Nf6 6. c3 a5 7. O-O dxe4 8. dxe4 Bc5 9. Qc2 O-O 10. Nc4 Qe7 11. Be3 Nh5 12. Rfd1 Nf4 13. Bf1 Bg4 14. Be2 b5 15. Bxc5 Qxc5 16. Ne3 Be6 17. Bf1 a4 18. Ng5 h6 19. Nxe6 fxe6 20. g3 Ng6 21. h4 Rae8 22. Qe2 Na7 23. Rac1 c6 24. a3 Nc8 25. Qh5 Nge7 26. Bh3 Kh7 27. Bxe6 Ng6 28. Bf5 Rxf5 29. Nxf5 Rf8 30. Qg4 Nce7 31. h5 Nh8 32. Qxg7# 1-0


[Site "https://www.chess.com"]

[Event "Titled Tuesday Blitz November 14 Late 2023"]
[White "The_Straightforward_Rook"]
[Black "Balla, Tamas-Kristof"]
[BlackFideId "1208497"]
[WhiteElo "2542"]
[BlackElo "2390"]
[Result "1-0"]
[Round "10"]
[TimeControl "180+1"]
[Date "2023.11.14"]
[WhiteClock "0:00:37"]
[BlackClock "0:00:12"]
[Board "65"]

1. e4 c5 2. c3 Nf6 3. e5 Nd5 4. Nf3 Nc6 5. Bc4 Nb6 6. Bb3 d5 7. exd6 Qxd6 8. O-O g6 9. Na3 Bg7 10. d4 O-O 11. Nb5 Qd8 12. dxc5 Nd7 13. Be3 Qa5 14. a4 a6 15. Nbd4 Nxc5 16. Nxc6 bxc6 17. Bxf7+ Rxf7 18. b4 Qc7 19. Bxc5 Bxc3 20. Ra3 Bg7 21. Ng5 Rf5 22. Qb3+ Rd5 23. Re1 Bf6 24. Ne4 Bf5 25. Nc3 Bxc3 26. Qxc3 Rad8 27. Raa1 e5 28. h3 Qg7 29. Qc4 Kh8 30. Qxa6 Qf6 31. Qc4 Qg5 32. Kh1 Rd3 33. Re3 Rd2 34. Rxe5 Qf6 35. Rae1 Rd1 36. Re8+ Kg7 37. Re7+ Qxe7 38. Bxe7 Rxe1+ 39. Kh2 Rxe7 40. Qxc6 Rf8 41. b5 Be4 42. Qc3+ Kg8 43. f3 Bd5 44. Qc5 Bb7 45. Qxe7 1-0


[Site "https://www.chess.com"]

[Event "Titled Tuesday Blitz November 14 Late 2023"]
[White "Jaskolka, Tomasz"]
[Black "TheAlienParty"]
[WhiteFideId "1170791"]
[WhiteElo "2522"]
[BlackElo "2382"]
[Result "1-0"]
[Round "10"]
[TimeControl "180+1"]
[Date "2023.11.14"]
[WhiteClock "0:00:59"]
[BlackClock "0:00:46"]
[Board "66"]

1. e4 e5 2. Nf3 Nc6 3. Bc4 Bc5 4. c3 Nf6 5. d4 exd4 6. cxd4 Bb4+ 7. Kf1 Nxe4 8. d5 Ne7 9. Qd4 Nf6 10. Bg5 Ng6 11. Nc3 Be7 12. Re1 O-O 13. h4 h5 14. d6 Bxd6 15. Nd5 Be7 16. Rxe7 Nxd5 17. Rxf7 Rxf7 18. Bxd8 c6 19. Bxd5 cxd5 20. Qxd5 Nf4 21. Qe5 d6 22. Qxd6 Bd7 23. Ng5 Bb5+ 24. Kg1 Ne2+ 25. Kh2 Rd7 26. Qe6+ Kf8 27. Nh7# 1-0


[Site "https://www.chess.com"]

[Event "Titled Tuesday Blitz November 14 Late 2023"]
[White "Skaric, Djuro"]
[Black "D`Arruda, Ricardo D."]
[WhiteFideId "934569"]
[BlackFideId "100692"]
[WhiteElo "2377"]
[BlackElo "2501"]
[Result "1/2-1/2"]
[Round "10"]
[TimeControl "180+1"]
[Date "2023.11.14"]
[WhiteClock "0:00:56"]
[BlackClock "0:00:45"]
[Board "67"]

1. g3 d5 2. Bg2 Nf6 3. d3 c6 4. Nf3 Nbd7 5. O-O e5 6. h3 Bd6 7. Nc3 O-O 8. e4 Re8 9. Nd2 Nb6 10. g4 h6 11. Nb3 Be6 12. g5 hxg5 13. Bxg5 Be7 14. f4 exf4 15. Bxf4 dxe4 16. Nxe4 Nxe4 17. Bxe4 Nd5 18. Qh5 Nf6 19. Qf3 Qd7 20. Kh2 Bd5 21. Rae1 Bd6 22. Nd2 Re6 23. Bxd5 Nxd5 24. Bxd6 Qxd6+ 25. Kh1 Nf6 26. Rg1 Rxe1 27. Rxe1 Re8 28. Rg1 g6 29. Rf1 Kg7 30. Ne4 Nxe4 31. Qxf7+ Kh6 32. Qxe8 Ng3+ 33. Kg2 Nxf1 34. Qh8+ Kg5 35. Kxf1 Qf4+ 36. Ke2 Qh2+ 37. Kd1 Qg1+ 38. Kd2 Qf2+ 39. Kc3 Qc5+ 40. Kb3 Qb5+ 41. Kc3 Qc5+ 42. Kd2 Qf2+ 43. Kd1 Qf1+ 44. Kd2 Qf2+ 1/2-1/2


[Site "https://www.chess.com"]

[Event "Titled Tuesday Blitz November 14 Late 2023"]
[White "KorolDimitriy75"]
[Black "Ponce Cano, Adrian"]
[BlackFideId "22296913"]
[WhiteElo "2343"]
[BlackElo "2480"]
[Result "0-1"]
[Round "10"]
[TimeControl "180+1"]
[Date "2023.11.14"]
[WhiteClock "0:00:00"]
[BlackClock "0:00:13"]
[Board "68"]

1. d4 d5 2. c4 c6 3. Nc3 Nf6 4. e3 e6 5. Nf3 Nbd7 6. Bd3 dxc4 7. Bxc4 b5 8. Be2 Bd6 9. e4 e5 10. a3 O-O 11. O-O h6 12. Re1 Re8 13. Bf1 Bb7 14. h3 a6 15. Be3 Qe7 16. Qc2 Rad8 17. Rad1 Bb8 18. dxe5 Nxe5 19. Nxe5 Bxe5 20. Rxd8 Rxd8 21. Bb6 Rd7 22. f4 Bd4+ 23. Bxd4 Rxd4 24. e5 Rxf4 25. Qd2 Qc5+ 26. Kh2 Nh5 27. Qd6 Qf2 28. Rd1 Ng3 29. Bd3 g6 30. Qb8+ Kg7 31. Qxb7 Nh5 32. e6 Qg3+ 33. Kh1 Rf2 34. Qxc6 Nf4 0-1


[Site "https://www.chess.com"]

[Event "Titled Tuesday Blitz November 14 Late 2023"]
[White "Martin Barcelo, Carles"]
[Black "Aarakan, J"]
[WhiteFideId "24561444"]
[BlackFideId "9946276"]
[WhiteElo "2457"]
[BlackElo "2251"]
[Result "1-0"]
[Round "10"]
[TimeControl "180+1"]
[Date "2023.11.14"]
[WhiteClock "0:02:49"]
[BlackClock "0:02:40"]
[Board "69"]

1. e4 c5 2. Nc3 Nc6 3. Nge2 Nf6 4. g3 g6 5. Bg2 Bg7 6. d3 O-O 7. h4 e6 8. Bg5 h6 9. Be3 b6 10. Qd2 Kh7 11. h5 d5 12. hxg6+ fxg6 13. Bxh6 Ng8 14. Bg5+ 1-0


[Site "https://www.chess.com"]

[Event "Titled Tuesday Blitz November 14 Late 2023"]
[White "Nikologorsky, Matfei"]
[Black "rikchessmx"]
[WhiteFideId "24102474"]
[WhiteElo "2447"]
[BlackElo "2336"]
[Result "1-0"]
[Round "10"]
[TimeControl "180+1"]
[Date "2023.11.14"]
[WhiteClock "0:00:30"]
[BlackClock "0:00:08"]
[Board "70"]

1. e4 e5 2. Nf3 Nc6 3. Bb5 a6 4. Ba4 Nf6 5. O-O Be7 6. Re1 b5 7. Bb3 O-O 8. c3 d5 9. exd5 Nxd5 10. a4 Rb8 11. axb5 axb5 12. h3 Nf4 13. d4 Ng6 14. d5 e4 15. dxc6 Qxd1 16. Bxd1 exf3 17. Bxf3 Bd6 18. Nd2 Nh4 19. Bd5 b4 20. c4 Bf5 21. Ne4 Rfe8 22. Bd2 Be5 23. Ra7 Bxb2 24. Rxc7 Be5 25. Rxf7 Kh8 26. Rb7 b3 27. Rb1 b2 28. f3 h5 29. c7 Rbc8 30. Bg5 Ng6 31. Bd8 Nf4 32. R1xb2 Bxb2 33. Rxb2 Rexd8 34. cxd8=Q+ Rxd8 35. Ng5 Bg6 36. Rd2 h4 37. Kf2 Bh5 38. Ke3 Nxd5+ 39. cxd5 Be8 40. Kf4 Bd7 41. d6 Rf8+ 42. Ke3 g6 43. Rd4 Kg7 44. Rxh4 Kf6 45. Rf4+ Kg7 46. Rxf8 Kxf8 47. Kf4 Kg7 48. Ke5 Kh6 49. Nf7+ Kh5 50. Kf6 Kh4 51. Ne5 Bb5 52. d7 Bxd7 53. Nxd7 g5 54. Ne5 Kg3 55. Kxg5 Kxg2 56. h4 Kf2 57. h5 Ke3 58. h6 Kd4 59. h7 Kxe5 60. h8=Q+ Ke6 61. Qd4 Ke7 62. Qb6 Kd7 63. Kf6 Kc8 64. Qa7 Kd8 65. Ke6 Kc8 66. Kd6 Kd8 67. Qd7# 1-0


[Site "https://www.chess.com"]

[Event "Titled Tuesday Blitz November 14 Late 2023"]
[White "ExchangeAB"]
[Black "Acosta Cruz, Oscar Yosimar"]
[BlackFideId "5111269"]
[WhiteElo "2440"]
[BlackElo "2230"]
[Result "1-0"]
[Round "10"]
[TimeControl "180+1"]
[Date "2023.11.14"]
[WhiteClock "0:00:24"]
[BlackClock "0:00:04"]
[Board "71"]

1. Nf3 d5 2. b3 Nf6 3. e3 Bf5 4. Be2 e6 5. d3 Bd6 6. Nh4 Bg6 7. Bb2 O-O 8. Nxg6 hxg6 9. Nd2 c5 10. h4 Nc6 11. h5 gxh5 12. Bxh5 e5 13. Qf3 Qd7 14. e4 Rfe8 15. Qg3 Nd4 16. Bd1 dxe4 17. Nxe4 Nxe4 18. dxe4 Qe6 19. Qh4 Kf8 20. c3 Nc6 21. Bg4 Qf6 22. Qxf6 gxf6 23. Rd1 Ke7 24. Ke2 Rh8 25. Bh3 Rad8 26. Rd2 a5 27. Rhd1 b5 28. Rd3 b4 29. Rd5 bxc3 30. Bxc3 Nd4+ 31. Bxd4 exd4 32. Kd3 Rb8 33. f4 Bxf4 34. Rxc5 Be5 35. Rxa5 Ra8 36. Rxa8 Rxa8 37. Rd2 Ra7 38. Rc2 Kd6 39. Bc8 Ra8 40. Bb7 Rg8 41. a4 Rg3+ 42. Kc4 d3 43. Rd2 Kc7 44. Bd5 Rg5 45. Rxd3 Rxg2 46. Bxf7 Kb6 47. Kd5 Ka5 48. Ke6 Kb4 49. Ke7 Rc2 50. Rd7 Rc7 51. Rxc7 Bxc7 52. Kxf6 Ka5 53. Bc4 Kb4 54. e5 Kc5 55. e6 Bd8+ 56. e7 Bxe7+ 57. Kxe7 Kb4 58. Kd6 Ka5 59. Bg8 Kb4 60. Kc6 Ka5 61. Kb7 Kb4 62. Kb6 Ka3 63. a5 Kb4 64. a6 Kc3 65. a7 1-0


[Site "https://www.chess.com"]

[Event "Titled Tuesday Blitz November 14 Late 2023"]
[White "Mazurkiewicz, Michal"]
[Black "Novikova, Margarita"]
[WhiteFideId "1124943"]
[BlackFideId "14109689"]
[WhiteElo "2424"]
[BlackElo "2189"]
[Result "1-0"]
[Round "10"]
[TimeControl "180+1"]
[Date "2023.11.14"]
[WhiteClock "0:00:22"]
[BlackClock "0:00:12"]
[Board "72"]

1. e4 d5 2. exd5 Qxd5 3. d3 e5 4. Nc3 Qd8 5. Nf3 Nc6 6. g3 Nf6 7. Bg2 Bc5 8. O-O O-O 9. h3 h6 10. Re1 Re8 11. Be3 Bxe3 12. Rxe3 a6 13. Qe2 Qd6 14. Re1 Nd7 15. Ne4 Qf8 16. Nc3 Qd6 17. Qd1 Nf8 18. d4 f6 19. dxe5 Nxe5 20. Qxd6 cxd6 21. Nd4 Rd8 22. f4 Ned7 23. Nd5 Nc5 24. Nb6 Rb8 25. Bd5+ Kh8 26. f5 Ncd7 27. Re8 Rxe8 28. Rxe8 Kh7 29. Nxc8 Nb6 30. Rxf8 Nxd5 31. Ne6 Ne3 32. g4 Nxc2 33. Re8 h5 34. gxh5 d5 35. h4 d4 36. Kf2 d3 37. Kf3 b5 38. Nf8+ Kh6 39. Ng6 Nd4+ 40. Kg4 1-0


[Site "https://www.chess.com"]

[Event "Titled Tuesday Blitz November 14 Late 2023"]
[White "Sivanandan, Bodhana"]
[Black "Jimenez Ruano, Adrian"]
[WhiteFideId "497592"]
[BlackFideId "22276050"]
[WhiteElo "2209"]
[BlackElo "2408"]
[Result "1-0"]
[Round "10"]
[TimeControl "180+1"]
[Date "2023.11.14"]
[WhiteClock "0:00:55"]
[BlackClock "0:00:28"]
[Board "73"]

1. d4 Nf6 2. Nf3 c5 3. e3 g6 4. Bd3 Bg7 5. O-O O-O 6. Nc3 b6 7. dxc5 bxc5 8. e4 Bb7 9. Bg5 d6 10. Qe2 Nc6 11. Rad1 Qa5 12. a3 Rfe8 13. Bxf6 Bxf6 14. Nd5 Bxb2 15. Rb1 Qxa3 16. c4 e6 17. Nc7 Nb4 18. Nxe8 Nxd3 19. Nxd6 Ba6 20. Rfd1 Nf4 21. Qxb2 Qa4 22. Qf6 Rf8 23. Qxf4 f6 24. Qg4 f5 25. exf5 exf5 26. Qf4 Kg7 27. Qe5+ Kh6 28. Qe7 Rb8 29. Nf7+ Kh5 30. Qg5# 1-0


[Site "https://www.chess.com"]

[Event "Titled Tuesday Blitz November 14 Late 2023"]
[White "Figorito, Nick"]
[Black "Winkels, Marcel"]
[WhiteFideId "30923689"]
[BlackFideId "1003887"]
[WhiteElo "2405"]
[BlackElo "2113"]
[Result "1-0"]
[Round "10"]
[TimeControl "180+1"]
[Date "2023.11.14"]
[WhiteClock "0:00:55"]
[BlackClock "0:00:46"]
[Board "74"]

1. Nf3 Nf6 2. g3 g6 3. Bg2 Bg7 4. O-O O-O 5. c4 c6 6. Nc3 d5 7. cxd5 cxd5 8. d4 Nc6 9. Ne5 Bf5 10. Nxc6 bxc6 11. Bf4 Qb6 12. Na4 Qb5 13. Be5 Ne4 14. Bxg7 Kxg7 15. Rc1 Rab8 16. b3 Rfc8 17. Nc3 Nxc3 18. Rxc3 Qa5 19. Qd2 Rb4 20. Rfc1 Qb6 21. e3 a5 22. Bxd5 cxd5 23. Rxc8 Bxc8 24. Rxc8 a4 25. Rc5 e6 26. bxa4 Rxa4 27. Rc2 Rb4 28. h4 Rb1+ 29. Kg2 Qa6 30. Qe2 Qa4 31. Rd2 h5 32. e4 dxe4 33. Qxe4 Qc4 34. Qxb1 Qc3 35. Qb2 Qc4 36. d5+ 1-0


[Site "https://www.chess.com"]

[Event "Titled Tuesday Blitz November 14 Late 2023"]
[White "Su, Dion"]
[Black "Elbebiber"]
[WhiteFideId "2029731"]
[WhiteElo "2403"]
[BlackElo "2099"]
[Result "1-0"]
[Round "10"]
[TimeControl "180+1"]
[Date "2023.11.14"]
[WhiteClock "0:01:17"]
[BlackClock "0:00:00"]
[Board "75"]

1. e4 d5 2. exd5 Nf6 3. Nc3 Nxd5 4. Nf3 Bf5 5. Bc4 e6 6. O-O Be7 7. d4 O-O 8. Re1 c6 9. h3 Nd7 10. Ne2 N7f6 11. Ng3 Bg6 12. Ne5 Bd6 13. h4 Bxe5 14. dxe5 Nd7 15. h5 Bf5 16. Nxf5 exf5 17. h6 N7b6 18. hxg7 Kxg7 19. Bb3 Qh4 20. Qf3 Qg4 21. Qe2 Qxe2 22. Rxe2 Rfe8 23. c4 Ne7 24. Bd2 Ng6 25. Rae1 Rad8 26. Bc3 Kh6 27. g3 Nd7 28. Kg2 f6 29. exf6 Rxe2 30. Rxe2 f4 31. Rd2 fxg3 32. fxg3 Ngf8 33. f7 Rc8 34. Rd6+ 1-0


[Site "https://www.chess.com"]

[Event "Titled Tuesday Blitz November 14 Late 2023"]
[White "Fernandez Bustamante, Leancy B."]
[Black "Ferreira, Vitor Hugo Vieira"]
[WhiteFideId "3523870"]
[BlackFideId "2119765"]
[WhiteElo "2375"]
[BlackElo "2498"]
[Result "1-0"]
[Round "10"]
[TimeControl "180+1"]
[Date "2023.11.14"]
[WhiteClock "0:02:33"]
[BlackClock "0:01:55"]
[Board "76"]

1. e4 c5 2. Nf3 d6 3. c3 Nf6 4. h3 Nc6 5. Bd3 e6 6. Bc2 g5 7. Nxg5 Rg8 8. d3 h6 9. Nf3 Rxg2 10. Nbd2 e5 11. Nf1 Nh5 12. Be3 Qf6 13. Qe2 Nf4 14. Bxf4 Qxf4 15. Ne3 Rg6 16. Nd5 1-0


[Site "https://www.chess.com"]

[Event "Titled Tuesday Blitz November 14 Late 2023"]
[White "Cardozo Munar, Carlos Eduardo"]
[Black "Reprintsev, Alexander"]
[WhiteFideId "4409477"]
[BlackFideId "14100541"]
[WhiteElo "2288"]
[BlackElo "2477"]
[Result "0-1"]
[Round "10"]
[TimeControl "180+1"]
[Date "2023.11.14"]
[WhiteClock "0:00:51"]
[BlackClock "0:02:13"]
[Board "77"]

1. e4 d5 2. exd5 Qxd5 3. Nf3 Bg4 4. Be2 Nc6 5. O-O O-O-O 6. Nc3 Qd7 7. d3 e5 8. Be3 f5 9. h3 h5 10. Bg5 Be7 11. Bxe7 Ngxe7 12. hxg4 hxg4 13. Nh2 g3 14. fxg3 Qd4+ 15. Rf2 Rxh2 16. Kxh2 Qxf2 17. Bh5 Rh8 18. g4 g6 19. Qb1 fxg4 0-1


[Site "https://www.chess.com"]

[Event "Titled Tuesday Blitz November 14 Late 2023"]
[White "Polaczek, Richard"]
[Black "Romero Ruscalleda, Josep"]
[WhiteFideId "200026"]
[BlackFideId "2231859"]
[WhiteElo "2427"]
[BlackElo "2325"]
[Result "1-0"]
[Round "10"]
[TimeControl "180+1"]
[Date "2023.11.14"]
[WhiteClock "0:00:07"]
[BlackClock "0:00:33"]
[Board "78"]

1. d4 g6 2. e4 Bg7 3. Nc3 d6 4. Bg5 Nd7 5. Qd2 c5 6. dxc5 Nxc5 7. O-O-O Qa5 8. Bb5+ Bd7 9. Bxd7+ Nxd7 10. Nge2 Rc8 11. Kb1 Ngf6 12. f3 a6 13. h4 Ne5 14. Bxf6 Nc4 15. Qd5 Bxf6 16. Qxa5 Nxa5 17. Nd5 Bg7 18. c3 Nc4 19. b3 Na3+ 20. Kb2 Nb5 21. a4 Nc7 22. Nb6 Rd8 23. Kc2 e6 24. c4 Ke7 25. h5 Na8 26. Nxa8 Rxa8 27. Nc3 b5 28. hxg6 bxc4 29. Rxh7 cxb3+ 30. Kd3 Rxh7 31. gxh7 Rc8 32. Ne2 b2 33. Rb1 Kf6 34. Rxb2 Kg6 35. Rb6 a5 36. Rxd6 Kxh7 37. Rd7 Kg6 38. Nf4+ Kf6 39. Nh5+ Kg6 40. Nxg7 Kxg7 41. Ra7 Rd8+ 42. Ke3 Rd1 43. Rxa5 Rg1 44. Kf2 Ra1 45. Kg3 Kf6 46. Kf4 Ra2 47. e5+ Kg6 48. g4 Ra3 49. Kg3 Rb3 50. Ra7 Re3 51. Ra5 Ra3 52. Ra7 Re3 53. Kf4 Ra3 54. a5 Ra4+ 55. Kg3 f6 56. exf6 Kxf6 57. Ra8 e5 58. a6 e4 59. fxe4 Rxe4 60. Rb8 Re3+ 61. Kh4 Ra3 62. Rb6+ Kg7 63. Kh5 Ra5+ 64. g5 Ra1 65. Rb7+ Kg8 66. a7 Ra6 67. g6 Ra5+ 68. Kh6 Kf8 69. Rb8+ Ke7 70. a8=Q 1-0


[Site "https://www.chess.com"]

[Event "Titled Tuesday Blitz November 14 Late 2023"]
[White "Kustar, Sandor"]
[Black "Rodriguez Dominguez, Melissa"]
[WhiteFideId "702900"]
[BlackFideId "3517560"]
[WhiteElo "2424"]
[BlackElo "2241"]
[Result "1-0"]
[Round "10"]
[TimeControl "180+1"]
[Date "2023.11.14"]
[WhiteClock "0:02:35"]
[BlackClock "0:02:10"]
[Board "79"]

1. Nf3 Nf6 2. c4 d5 3. cxd5 Nxd5 4. d4 c5 5. e4 Nb4 6. a3 N4c6 7. d5 Na5 8. b4 cxb4 9. axb4 e6 10. bxa5 Bb4+ 11. Bd2 Bxd2+ 12. Qxd2 O-O 13. Nc3 exd5 14. exd5 Re8+ 15. Be2 1-0


[Site "https://www.chess.com"]

[Event "Titled Tuesday Blitz November 14 Late 2023"]
[White "Akhayan, Ruben"]
[Black "DAVIDHDZSTS"]
[WhiteFideId "204439"]
[WhiteElo "2414"]
[BlackElo "1898"]
[Result "1-0"]
[Round "10"]
[TimeControl "180+1"]
[Date "2023.11.14"]
[WhiteClock "0:01:38"]
[BlackClock "0:00:05"]
[Board "80"]

1. e4 c5 2. Nf3 e6 3. d4 cxd4 4. Nxd4 a6 5. c4 Nf6 6. Nc3 Qc7 7. a3 Nc6 8. Be2 b6 9. O-O Bb7 10. Nc2 d6 11. Be3 Be7 12. f3 O-O 13. Kh1 Rac8 14. Qd2 Na5 15. Rac1 Nxc4 16. Bxc4 Qxc4 17. Bxb6 Nd7 18. Be3 Bf6 19. Bd4 Ne5 20. Ne3 Qd3 21. Rcd1 Qxd2 22. Rxd2 Nc4 23. Nxc4 Rxc4 24. Bxf6 gxf6 25. Rxd6 a5 26. Rfd1 Rfc8 27. Kg1 Kg7 28. Kf2 Bc6 29. Ke3 a4 30. g4 Ba8 31. h4 h6 32. R6d4 R4c5 33. Rxa4 Bc6 34. Ra7 Rb8 35. Rd2 Rb3 36. Kf2 e5 37. Kg3 Bb5 38. Nxb5 Rcxb5 39. Rdd7 Rxb2 40. Rxf7+ Kg8 41. Rg7+ Kf8 42. Rgc7 Rb1 43. Rc8# 1-0


[Site "https://www.chess.com"]

[Event "Titled Tuesday Blitz November 14 Late 2023"]
[White "Lock, Gavin R"]
[Black "Pinheiro, Iung Alicio de O."]
[WhiteFideId "408646"]
[BlackFideId "2104350"]
[WhiteElo "2264"]
[BlackElo "2522"]
[Result "0-1"]
[Round "10"]
[TimeControl "180+1"]
[Date "2023.11.14"]
[WhiteClock "0:00:00"]
[BlackClock "0:00:09"]
[Board "81"]

1. e4 c5 2. Nf3 Nc6 3. Bb5 e6 4. O-O Nge7 5. Re1 Nd4 6. Nxd4 cxd4 7. c3 a6 8. Bf1 Nc6 9. b4 Bd6 10. Bb2 Qf6 11. a4 e5 12. Na3 O-O 13. Nc4 Bc7 14. b5 Na5 15. Nxa5 Bxa5 16. cxd4 d6 17. Bc4 Bb6 18. d3 Be6 19. Qe2 exd4 20. Qd1 Rac8 21. Rc1 axb5 22. axb5 Ba5 23. Rf1 Bc3 24. Bxc3 dxc3 25. Qb3 Bxc4 26. dxc4 Qd4 27. Qxc3 Qxe4 28. Rfe1 Qg6 29. Qd4 Rc5 30. Red1 Rfc8 31. Qxd6 Qxd6 32. Rxd6 Rxb5 33. Rcd1 Re5 34. g3 h5 35. Rd7 b6 36. Rb7 Rc6 37. Rd8+ Kh7 38. Rdd7 Rf5 39. Rxf7 Rxf7 40. Rxf7 Rxc4 41. Rb7 Rb4 42. h4 Rb3 43. Kg2 Kg6 44. Kg1 Kf6 45. Kg2 g6 46. Kf1 Ke5 47. Ke2 b5 48. Rg7 Kf6 49. Rb7 b4 50. Rb5 Rb2+ 51. Kf3 b3 0-1


[Site "https://www.chess.com"]

[Event "Titled Tuesday Blitz November 14 Late 2023"]
[White "Bazzano, Sebastian"]
[Black "RodokininEV"]
[WhiteFideId "104566"]
[WhiteElo "2299"]
[BlackElo "2486"]
[Result "1-0"]
[Round "10"]
[TimeControl "180+1"]
[Date "2023.11.14"]
[WhiteClock "0:00:01"]
[BlackClock "0:00:04"]
[Board "82"]

1. d4 Nf6 2. Bf4 g6 3. Nc3 d5 4. e3 Bg7 5. h4 O-O 6. h5 c5 7. hxg6 hxg6 8. Nf3 Nc6 9. Ne5 cxd4 10. exd4 Ne4 11. Nxe4 dxe4 12. Nxc6 bxc6 13. c3 c5 14. dxc5 Qa5 15. Qd2 Rd8 16. Qe3 Rd5 17. Bc4 Rf5 18. Qxe4 Qxc5 19. Be3 Qc7 20. Bxf7+ Kxf7 21. Qxa8 Bxc3+ 22. Kf1 Ba6+ 23. Kg1 Bxb2 24. Rh7+ Bg7 25. Qh8 Qe5 26. Re1 Qc3 27. Bd2 Qxd2 28. Qxg7+ Ke8 29. Qxe7# 1-0


[Site "https://www.chess.com"]

[Event "Titled Tuesday Blitz November 14 Late 2023"]
[White "Weisz, Bryan"]
[Black "Floresvillar Gonzalez, Luis Migu"]
[WhiteFideId "30934133"]
[BlackFideId "5100542"]
[WhiteElo "2413"]
[BlackElo "2211"]
[Result "1-0"]
[Round "10"]
[TimeControl "180+1"]
[Date "2023.11.14"]
[WhiteClock "0:00:53"]
[BlackClock "0:00:09"]
[Board "83"]

1. c3 d5 2. e4 dxe4 3. Qa4+ c6 4. Qxe4 Nf6 5. Qc2 Bg4 6. d4 Nbd7 7. Bd3 e5 8. Be3 Bd6 9. Ne2 O-O 10. Nd2 Re8 11. f3 Bh5 12. h4 Bg6 13. g4 Bxd3 14. Qxd3 exd4 15. Bxd4 Bg3+ 16. Kf1 Be5 17. h5 c5 18. Bf2 Nf8 19. Qc2 b6 20. g5 Nd5 21. Ne4 Ne6 22. Rd1 c4 23. g6 fxg6 24. hxg6 h6 25. Qd2 Nec7 26. Nd4 Bxd4 27. Bxd4 Re6 28. Rxh6 Rxe4 29. Rh8+ Kxh8 30. Qh6+ 1-0


[Site "https://www.chess.com"]

[Event "Titled Tuesday Blitz November 14 Late 2023"]
[White "Darko-Dimitrijevic"]
[Black "Buchenau, Frank"]
[BlackFideId "4604350"]
[WhiteElo "2188"]
[BlackElo "2397"]
[Result "0-1"]
[Round "10"]
[TimeControl "180+1"]
[Date "2023.11.14"]
[WhiteClock "0:00:31"]
[BlackClock "0:00:07"]
[Board "84"]

1. e4 e6 2. d3 d5 3. Nd2 Nf6 4. Ngf3 b6 5. g3 dxe4 6. dxe4 Bb7 7. Qe2 Ba6 8. c4 Nc6 9. Bg2 e5 10. O-O Bc5 11. b3 O-O 12. Bb2 Nd4 13. Nxd4 Bxd4 14. Nf3 Bxb2 15. Qxb2 Nxe4 16. Nxe5 Bb7 17. Rad1 Qf6 18. Rfe1 Nc5 19. b4 Bxg2 20. Kxg2 Ne6 21. Rd7 Rad8 22. Red1 Rxd7 23. Rxd7 c5 24. a3 Nd4 25. f4 Qf5 26. Rxa7 Qe4+ 27. Kh3 f6 28. Nd7 Re8 29. Qf2 Qf5+ 30. g4 Qd3+ 31. Kh4 Re3 32. Qg2 Nf3+ 33. Kh5 Qg6# 0-1


[Site "https://www.chess.com"]